 Dungeon Crawl Stone Soup version 0.23.2-1-ga50397a (webtiles) character file.

Game seed: 16145127299323127338

157 schauveau the Skirmisher (level 5, -6/33 HPs)
             Began as a Gargoyle Fighter on Apr 27, 2019.
             Mangled by a tentacled starspawn (10 damage)
             ... on level 1 of the Abyss.
             The game lasted 00:03:54 (1780 turns).

schauveau the Skirmisher (Gargoyle Fighter)         Turns: 1780, Time: 00:03:55

Health: -6/33      AC: 11    Str: 21    XL:     5   Next: 38%
Magic:  5/5        EV:  7    Int:  8    God:
Gold:   61         SH:  9    Dex:  9    Spells: 4/4 levels left

rFire    . . .     SeeInvis .   a - +0 flail
rCold    . . .     Gourm    .   c - +0 shield
rNeg     + . .     Faith    .   b - +0 scale mail
rPois    ∞         Spirit   .   (no helmet)
rElec    +         Reflect  .   (no cloak)
rCorr    .         Harm     .   (no gloves)
MR       .....                  (no boots)
Stlth    ..........             (no amulet)
HPRegen  0.11/turn              (no ring)
MPRegen  0.09/turn              (no ring)

@: no status effects
A: negative energy resistance 1, electricity resistance, unbreathing,
petrification resistance, rot immunity, AC +4
a: no special abilities


You were on level 1 of the Abyss.
You were not hungry.

You visited 1 branch of the dungeon, and saw 5 of its levels.
You visited the Abyss 1 time.

You collected 61 gold pieces.

Inventory:

Hand Weapons
 a - a +0 flail (weapon)
Missiles
 e - 13 sling bullets
 l - 33 stones (quivered)
Armour
 b - a +0 scale mail (worn)
 c - a +0 shield (worn)
Scrolls
 g - a scroll of amnesia
 m - a scroll of identify {unknown}
Potions
 d - a potion of might
 i - a potion of heal wounds {unknown}
 k - a potion of degeneration {unknown}
Comestibles
 f - 3 rations
 j - a chunk of flesh


   Skills:
 + Level 4.3 Fighting
 * Level 4.0 Maces & Flails
 + Level 4.3 Armour
 - Level 3.3 Shields


You had 4 spell levels left.
You didn't know any spells.
Your spell library was empty.

Dungeon Overview and Level Annotations

Branches:
Dungeon (5/15)
 Temple: D:4-7

Altars:

Annotations:
D:4 Dowan, Duvessa, Eustachio, Sigmund


Innate Abilities, Weirdness & Mutations

You are resistant to torment.
Your stone body is resilient. (AC +4)
You are immune to poison.
You resist negative energy. (rN+)
You are resistant to electric shocks. (rElec)
You can survive without breathing.
You are immune to petrification.
You are immune to rotting.


Message History

You barely miss something. Something hits you but does no damage.
You are cast into the Abyss!
To return, you must find a gate leading back.
Killing monsters will force the Abyss to allow you passage.
This branch contains the abyssal rune of Zot.
Reactivating autopickup.
Found 8 gold pieces.
Unknown command.
Unknown command.
You now have 61 gold pieces (gained 8).
A tentacled starspawn comes into view.
Tentacles burst from the starspawn's body! 2 starspawn tentacles come into view.
You sock the tentacled starspawn!
The tentacled starspawn is lightly damaged.
The tentacled starspawn bites you!!
Ouch! That really hurt!
* * * LOW HITPOINT WARNING * * *
The tentacled starspawn engulfs you!
You die...

#.##. ####. .
..# ..#. ....
...##. ##...
#...... ..#.
..#...#
#.##..#.#..#.#
#....wXw....##
# #@.# ##.####
#.#.#..# #...
#..#.###..#
#.......#.#
##.####.#.# ##
..#.##
#..#...## .
#.......#..
#..##. . .. .


You could see a tentacled starspawn and 2 starspawn tentacles.

Vanquished Creatures
  A scorpion (D:3)
  An orc wizard (D:4)
  A gnoll (D:2)
  4 adders
  A worm (D:3)
  A dart slug (D:5)
  A leopard gecko (D:1)
  3 orcs (D:4)
  2 giant cockroaches
  8 hobgoblins
  2 bats (D:1)
  2 frilled lizards
  3 goblins (D:2)
  A kobold (D:3)
  A leopard gecko skeleton (D:3)
  5 rats
37 creatures vanquished.

Notes
Turn   | Place    | Note
-------+----------+-------------------------------------------
     0 | D:1      | schauveau the Gargoyle Fighter began the quest for the Orb.
     0 | D:1      | Reached XP level 1. HP: 14/14 MP: 1/1
    41 | D:1      | Reached XP level 2. HP: 12/19 MP: 2/2
   117 | D:2      | Noticed an ogre
   363 | D:2      | Reached XP level 3. HP: 20/24 MP: 3/3
   610 | D:3      | Reached XP level 4. HP: 20/29 MP: 4/4
   872 | D:4      | Noticed Eustachio
  1150 | D:4      | Noticed Dowan
  1150 | D:4      | Noticed Duvessa
  1151 | D:4      | Noticed Sigmund
  1557 | D:3      | Reached XP level 5. HP: 28/33 MP: 5/5
  1696 | D:5      | Entered Level 5 of the Dungeon
  1743 | D:4      | Cast into level 1 of the Abyss (orc wizard)
  1776 | Abyss:1  | Noticed a tentacled starspawn
  1780 | Abyss:1  | Mangled by a tentacled starspawn

Skill      XL: |  1  2  3  4 |
---------------+-------------+-----
Maces & Flails | 3 4 |  4.0
Armour         | 4 |  4.3
Fighting       | 4 |  4.3
Shields        | |  3.3

Action                   |  1- 3 |  4- 6 || total
-------------------------+-------+-------++-------
Melee: Flail             |   126 |    86 ||   212
  Use: Scroll            |       |     2 ||     2
  Eat: Chunk             |       |     2 ||     2
       Ration            |       |     1 ||     1
Armor: Scale mail        |    86 |    47 ||   133
Dodge: Dodged            |    65 |    19 ||    84
Block: Shield            |    99 |    44 ||   143
